 Dungeon Crawl Stone Soup version 0.29-a0-393-g47a863cc1b (webtiles) character file.

Game seed: 3722313275967891465

1108 porpoise the Cutter (level 8, -6/45 HPs)
             Began as a Vine Stalker Brigand on May 10, 2022.
             Was a Believer of Zin.
             Splashed by a jelly's acid (8 damage)
             ... on level 5 of the Dungeon.
             The game lasted 00:21:52 (5181 turns).

porpoise the Cutter (Vine Stalker Brigand)          Turns: 5181, Time: 00:21:57

Health: -6/45      AC: -9    Str: 17    XL:     8   Next: 33%
Magic:  0/9        EV: 10    Int: 11    God:    Zin [**....]
Gold:   294        SH:  4    Dex: 15    Spells: 7/7 levels left

rFire   + . .      SeeInvis +   a - +2 dagger
rCold   . . .      Faith    .   n - +1 buckler
rNeg    . . .      Spirit   +   f - +0 ring mail {rF+}
rPois   .          Reflect  .   w - +0 helmet
rElec   .          Harm     .   B - +2 cloak
rCorr   .          Rampage  .   x - +0 pair of gloves
Will    +....                   K - +0 pair of boots
Stlth   ++........              c - amulet of regeneration
HPRegen 1.75/turn               E - ring of see invisible
MPRegen 0.11/turn               (no ring)

@: corroded
A: fangs 3, regeneration 1, magic shield, antimagic bite, no potion heal 2
a: Renounce Religion, Recite, Vitalisation, Donate Gold


You were on level 5 of the Dungeon.
You worshipped Zin.
Zin was pleased with you.
You visited 2 branches of the dungeon, and saw 7 of its levels.

You collected 326 gold pieces.
You donated 32 gold pieces to Zin.

Inventory:

Hand Weapons
 a - a +2 dagger (weapon)
 b - a +3 hunting sling of freezing
 J - a +3 long sword
 L - a +4 trident
Missiles
 d - 11 poisoned darts (quivered)
 e - 3 curare-tipped darts
 m - 226 stones
 v - 4 javelins
 y - 2 throwing nets
 A - 3 boomerangs
Armour
 f - a +0 ring mail of fire resistance (worn)
 n - a +1 buckler (worn)
 w - a +0 helmet (worn)
 x - a +0 pair of gloves (worn)
 B - a +2 cloak (worn)
 K - a +0 pair of boots (worn)
Jewellery
 c - an amulet of regeneration (around neck)
 E - a ring of see invisible (left hand)
 H - a ring of wizardry
Wands
 D - a wand of flame (51)
 I - a wand of paralysis (9)
Scrolls
 g - a scroll of magic mapping
 i - a scroll of amnesia
 l - a scroll of enchant weapon
 p - a scroll of noise {unknown}
 q - a scroll of vulnerability
 r - a scroll of enchant armour
 t - a scroll of fog
 u - a scroll of teleportation {unknown}
 C - a scroll of fear
 F - a scroll of poison {unknown}
Potions
 h - a potion of attraction
 j - 2 potions of mutation
 k - a potion of berserk rage
 o - 2 potions of curing
 s - a potion of resistance {unknown}
 z - 2 potions of brilliance
 G - 3 potions of ambrosia {unknown}


   Skills:
 * Level 6.3 Fighting
 * Level 6.3 Short Blades
 - Level 1.7 Throwing
 - Level 0.7 Dodging
 - Level 4.8 Stealth
 + Level 1.1 Invocations


You had 7 spell levels left.
You didn't know any spells.
Your spell library contained the following spells:

 Spells                   Type           Power      Damage    Failure   Level
 Sting                    Tmut/Pois      0%         1d3       67%         1
 Corpse Rot               Necr/Air       0%         N/A       80%         2
 Ensorcelled Hibernation  Hex/Ice        0%         N/A       80%         2
 Passwall                 Tmut/Erth      0%         N/A       80%         2
 Poisonous Vapours        Pois/Air       0%         N/A       80%         2
 Sublimation of Blood     Necr           0%         N/A       80%         2
 Wereblood                Tmut           0%         N/A       80%         2
 Ozocubu's Armour         Ice            0%         N/A       95%         3
 Portal Projectile        Hex/Tloc       0%         N/A       95%         3
 Swiftness                Air            0%         N/A       95%         3
 Olgreb's Toxic Radiance  Pois           0%         N/A       100%        4
 Blade Hands              Tmut           0%         N/A       100%        5
 Excruciating Wounds      Necr           0%         N/A       100%        5
 Ozocubu's Refrigeration  Ice            0%         4d5       100%        7
 Summon Hydra             Summ           0%         N/A       100%        7


Dungeon Overview and Level Annotations

Branches:
Dungeon (6/15)             Temple (1/1) D:5

Altars:
Ashenzari
Dithmenos
Elyvilon
Gozag
Hepliaklqana
Kikubaaqudgha
Makhleb
Nemelex Xobeh
Okawaru
Qazlal
Ru
Sif Muna
Trog
Uskayaw
Wu Jian
Yredelemnul
Zin
The Shining One

Annotations:
D:3 3 runed translucent doors, HendSelp's ghost, amateur DrTm


Innate Abilities, Weirdness & Mutations

You have razor-sharp teeth.
Your natural rate of healing is unusually fast.
When hurt, damage is shared between your health and your magic reserves.
Your bite disrupts and absorbs the magic of your enemies.
Potions cannot restore your health.


Message History

You hit the jelly but do no damage.
Your hands burn!
You bite the jelly, but do no damage.
The jelly is almost dead.
The jelly hits you but does no damage.
You hit the jelly but do no damage.
Your hands burn!
The jelly is almost dead.
The jelly hits you. The acid corrodes you!
You are splashed with acid!
You hit the jelly but do no damage.
Your hands burn!
* * * LOW HITPOINT WARNING * * *
You bite the jelly, but do no damage.
The jelly is almost dead.
You hit the jelly but do no damage.
Your hands burn!
* * * LOW HITPOINT WARNING * * *
The jelly is almost dead.
The jelly hits you.
* * * LOW HITPOINT WARNING * * *
The acid corrodes you!
You are splashed with acid!
* * * LOW HITPOINT WARNING * * *
A wight comes into view. It is wielding a +3 spear.
Found 5 poisoned darts and a potion of brilliance.
A wight comes into view. It is wielding a +4 trident.
There is an escape hatch in the ceiling here.
The jelly hits you.
* * * LOW HITPOINT WARNING * * *
The acid corrodes you!
You are splashed with acid!
* * * LOW HITPOINT WARNING * * *
A mysterious force pulls you upwards. The hatch slams shut behind you.
You hit the jelly but do no damage.
Your hands burn!
* * * LOW HITPOINT WARNING * * *
Your bite misses the jelly.
The jelly is almost dead.
The jelly closely misses you.
You hit the jelly but do no damage. The acid corrodes you!
Your hands burn!
* * * LOW HITPOINT WARNING * * *
Your bite misses the jelly.
The jelly is almost dead.
The jelly hits you.
* * * LOW HITPOINT WARNING * * *
You are splashed with acid!
You die...

######## ######..
#......###......#
#.......#......##
#............####
#..........###...
#..........>##...
#......###..##...
##...#### ##..#...
#@J##########.#...
#### #.........#.#
#.#######..## #.#
##.## #.# #..# #.#
##.# #.# ##.
#.##### ####.
#.##..###..##


You could see a jelly.

Vanquished Creatures
  2 phantoms (D:4)
  A wight (D:6)
  Dowan (D:5)
  A howler monkey (D:4)
  A gnoll shaman (D:6)
  3 orc priests
  3 iguanas
  4 orc wizards
  9 gnolls
  14 adders
  An ufetubus (D:6)
  6 worms
  A dart slug (D:3)
  27 orcs
  6 ball pythons
  3 bats
  5 endoplasms
  A giant cockroach (D:4)
  12 goblins
  8 hobgoblins
  6 quokkas
  5 frilled lizards
  8 kobolds
  3 rats
131 creatures vanquished.

Vanquished Creatures (collateral kills)
  Duvessa (D:5)
  An iguana (D:5)
  2 gnolls (D:5)
  A dart slug (D:5)
  An orc (D:5)
6 creatures vanquished.

Grand Total: 137 creatures vanquished

Notes
Turn   | Place    | Note
-------+----------+-------------------------------------------
     0 | D:1      | porpoise the Vine Stalker Brigand began the quest for the
                  | Orb.
     0 | D:1      | Reached XP level 1. HP: 11/11 MP: 2/2
   462 | D:1      | Reached XP level 2. HP: 15/15 MP: 3/3
   890 | D:2      | Reached XP level 3. HP: 19/19 MP: 4/4
  1334 | D:2      | Gained mutation: Your natural rate of healing is unusually
                  | fast. [Vine Stalker growth]
  1334 | D:2      | Reached XP level 4. HP: 23/23 MP: 5/5
  1684 | D:2      | Reached XP level 5. HP: 13/28 MP: 3/6
  2417 | D:3      | Reached XP level 6. HP: 33/33 MP: 5/7
  2586 | D:3      | Found a faded altar of an unknown god.
  2775 | D:3      | Found a runed translucent gate.
  2776 | D:3      | Found a runed translucent gate.
  2778 | D:3      | Found a runed translucent gate.
  2779 | D:3      | Noticed HendSelp's ghost (amateur DrTm)
  3171 | D:4      | Reached skill level 5 in Short Blades
  3171 | D:4      | Reached XP level 7. HP: 38/38 MP: 8/8
  3195 | D:4      | Reached skill level 5 in Fighting
  3734 | D:5      | Entered Level 5 of the Dungeon
  4132 | D:5      | Noticed Dowan
  4135 | D:5      | Noticed Duvessa
  4145 | D:5      | Killed Duvessa
  4146 | D:5      | Gained mutation: You have razor-sharp teeth. [Vine Stalker
                  | growth]
  4146 | D:5      | Reached XP level 8. HP: 41/44 MP: 6/9
  4148 | D:5      | Killed Dowan
  4208 | D:5      | Found a glowing golden altar of the Shining One.
  4216 | D:5      | Found a staircase to the Ecumenical Temple.
  4236 | Temple   | Entered the Ecumenical Temple
  4455 | Temple   | Became a worshipper of Zin the Law-Giver
  4455 | Temple   | Reached * piety under Zin
  4590 | D:5      | Found a shimmering blue altar of Sif Muna.
  5069 | D:6      | Reached ** piety under Zin
  5158 | D:6      | Reached skill level 1 in Invocations
  5178 | D:6      | HP: 2/45 [acid (9)]
  5181 | D:5      | Splashed by a jelly's acid

Illustrated notes

Levels and vault maps discovered:
D:1:      dpeg_arrival_chambers_temple_mockup, layout_loops_ring
D:2:      wander_river, layout_rooms, minmay_joined_circles
D:3:      layout_basic, dreamdust_ecumenical_altar_angels_and_demons,
          gammafunk_ghost_nasty_kobolds, serial_park_tiny_1
D:4:      layout_loops_cross
D:5:      layout_cave_pods, marbit_many_paths, kennysheep_little_box,
          minmay_temple_entry_butterflies, uniq_duvessa
D:6:      layout_loops_cross, cheibrodos_worm_habitat, fedhas_altar_1
Temple:   eino_temple_scatter_basement

Skill      XL: |  1  2  3  4  5  6  7  8 |
---------------+-------------------------+-----
Fighting       | 2 3 4 5 6 |  6.3
Short Blades   | 2 3 4 5 6 |  6.3
Invocations    | 1 |  1.1
Throwing       | |  1.7
Dodging        | |  0.7
Stealth        | |  4.8

Action                   |  1- 3 |  4- 6 |  7- 9 || total
-------------------------+-------+-------+-------++-------
Melee: Dagger            |    52 |   192 |   140 ||   384
       Bite              |    16 |    75 |    55 ||   146
 Fire: Hunting sling     |    12 |    70 |    70 ||   152
Throw: Dart              |       |     8 |       ||     8
  Use: Scroll            |       |     9 |     6 ||    15
 Stab: Sleeping          |     2 |     2 |     1 ||     5
Armor: Leather armour    |     4 |       |       ||     4
       Robe              |     2 |       |       ||     2
       Ring mail         |    15 |    85 |    47 ||   147
Dodge: Dodged            |    18 |    95 |    40 ||   153
Block: Buckler           |     5 |    35 |    21 ||    61

Table legend: (Time is in decaauts)
 A = Elapsed time spent in this place.
 B = Non-inter-level travel time spent in this place.
 C = Inter-level travel time spent in this place.
 D = Time resting spent in this place.
 E = Time spent auto-exploring this place.
 F = Levels seen in this place.
 G = Mean time per level.
                   A        B        C        D        E       F      G
               +--------+--------+--------+--------+--------+-----+--------+
         Total |   5205 |   4987 |    218 |   1011 |   2523 |   7 |  743.6 |
       Dungeon |   4972 |   4796 |    176 |   1011 |   2349 |   6 |  828.7 |
        Temple |    232 |    190 |     42 |      0 |    174 |   1 |  232.0 |
               +--------+--------+--------+--------+--------+-----+--------+

Top non-repeatable levels by time:
     D:2: 1321 daAuts
     D:5: 1073 daAuts
     D:1: 1044 daAuts
     D:4: 766 daAuts
     D:3: 634 daAuts
  Temple: 232 daAuts
     D:6: 132 daAuts
